 Dungeon Crawl Stone Soup version 0.30-a0-918-g0ff054e9dc (webtiles) character file.

Game seed: 11043121135375609934

1453 tilp the Carver (level 9, -12/79 HPs)
             Began as a Meteoran Fighter on Mar 20, 2023.
             Mangled by an orc warrior
             ... wielding a +0 glaive
              (19 damage)
             ... on level 4 of the Dungeon.
             The game lasted 00:10:54 (2537 turns).

tilp the Carver (Meteoran Fighter)                  Turns: 2537, Time: 00:10:55

Health: -12/79     AC: 12    Str: 18    XL:     9   Next: 25%
Magic:  10/10      EV:  9    Int: 10    God:
Gold:   157        SH:  5    Dex: 18    Spells: 8/8 levels left

rFire   + . .      SeeInvis .    a - +1 long sword
rCold   + . .      Faith    .    c - +0 buckler
rNeg    . . .      Spirit   .    w - +0 chain mail
rPois   .          Reflect  .    d - +1 helmet
rElec   .          Rampage  .    k - scarf {rC+ rF+}
rCorr   .                        t - +0 pair of gloves
Will    +....                    (no boots) Stlth
                                 (no amulet)
HPRegen 0.33/turn                (no ring)
MPRegen 0.12/turn                (no ring)

@: glowing, studying Translocations
A: sense surroundings 2, otherworldly, glowing, explore regen
a: no special abilities


You were on level 4 of the Dungeon.
You visited 1 branch of the dungeon, and saw 6 of its levels.

You collected 337 gold pieces.
You spent 180 gold pieces at shops.

Inventory:

Hand Weapons
 a - a +1 long sword (weapon)
 b - the +5 sling "Orb Guardian's Peril" {heavy, rElec rF++}
   (You found it on level 2 of the Dungeon)

   rF:        It greatly protects you from fire.
   rElec:     It insulates you from electricity.
 q - a +3 short sword of freezing
 r - a +0 dagger of freezing
 s - a +0 great sword
Missiles
 g - 40 stones (quivered)
 n - 3 boomerangs
Armour
 c - a +0 buckler (worn)
 d - a +1 helmet (worn)
 k - a scarf of resistance (worn)
 t - a +0 pair of gloves (worn)
 w - a +0 chain mail (worn)
Jewellery
 h - a ring of fire
Wands
 p - a wand of flame (24)
Scrolls
 l - a scroll of immolation
 m - 4 scrolls of teleportation
 o - a scroll of poison
 v - a scroll of enchant weapon
 x - 2 scrolls of identify
Potions
 e - 3 potions of flight
 f - 3 potions of curing
 i - a potion of lignification
 j - 3 potions of mutation


   Skills:
 * Level 7.2 Fighting
 * Level 8.9 Long Blades
 - Level 2.0 Throwing
 - Level 4.0 Armour
 + Level 4.9 Dodging
 - Level 4.0 Shields
 + Level 0.0 Evocations


You had 8 spell levels left.
You didn't know any spells.
Your spell library was empty.

Dungeon Overview and Level Annotations

Branches:
Dungeon (6/15) Zot: 873
 Temple: D:4-7

Altars:
Cheibriados
Gozag
Ru
Sif Muna

Shops:
D:5 **

Annotations:
D:4 1 runed translucent door, Rye's ghost, amateur HuFi
D:5 Pikel


Innate Abilities, Weirdness & Mutations

You passively map the area around you.
You are easily found by Zot.
You glow in the dark.
You regain HP and MP as you explore.


Message History

The orc warrior is heavily wounded.
The orc barely misses you.
The orc warrior hits you with a +0 glaive.
You slash the orc warrior!
The orc warrior is almost dead.
The orc hits you but does no damage.
The orc warrior hits you with a +0 glaive!
You are too injured to fight recklessly!
You are too injured to fight recklessly!
You are too injured to fight recklessly!
You are too injured to fight recklessly!
You closely miss the orc warrior.
The orc warrior is almost dead.
The orc hits you with a +0 trident. The orc warrior barely misses you.
You are too injured to fight recklessly!
You barely miss the orc warrior.
The orc warrior is almost dead.
The orc hits you but does no damage.
The orc warrior hits you with a +0 glaive.
* * * LOW HITPOINT WARNING * * *
You hit the orc warrior but do no damage.
The orc warrior is almost dead.
You block the orc's attack.
The orc warrior hits you with a +0 glaive!
* * * LOW HITPOINT WARNING * * *
You barely miss the orc warrior.
The orc warrior is almost dead.
The orc closely misses you.
The orc warrior hits you with a +0 glaive!
* * * LOW HITPOINT WARNING * * *
You hit the orc warrior but do no damage.
The orc warrior is almost dead.
You block the orc's attack.
The orc warrior hits you with a +0 glaive.
* * * LOW HITPOINT WARNING * * *
You hit the orc warrior but do no damage.
The orc warrior is almost dead.
The orc hits you but does no damage.
The orc warrior hits you with a +0 glaive!!
You die...

..#.#..........##....#, )#
..#.#..................# *
....#.......######+#.#.#
............+ #.#.# .....###....#
* *#.# # .....###############.#
*, ........# #...).#,* *##
........######.o)>.# , #.
.............#..@..##### ** #.
#..........)...o.......##### * #.
##...........#.............# ,#.
.#.#............##.........# * #.
.####......####.##.........###.#.
....#####......................#.
.._.#####.......)..........#####.
....#......................# #.
.#######..##....############ #.


You could see an orc warrior and an orc.

Vanquished Creatures
  A shadow (D:5)
  A water moccasin (D:5)
  A centaur (D:5)
  2 ogres (D:4)
  3 lemures (D:4)
  A phantom (D:5)
  A bullfrog (D:6)
  2 scorpions
  2 wights
  A jelly (D:4)
  An orc priest (D:5)
  2 hounds
  A sleepcap (D:5)
  Jessica (D:2)
  Natasha (D:2)
  An iguana (D:4)
  6 orc wizards
  Robin (D:2)
  3 adders
  A dart slug (D:1)
  2 worms
  12 orcs
  7 endoplasms
  5 giant cockroaches
  11 goblins
  11 hobgoblins
  3 quokkas
  9 ball pythons
  4 bats
  4 frilled lizards
  5 kobolds
  4 rats
110 creatures vanquished.

Vanquished Creatures (collateral kills)
  A centaur (D:5)
  An orc (D:5)
2 creatures vanquished.

Vanquished Creatures (others)
  A rat (D:2)
1 creature vanquished.

Grand Total: 113 creatures vanquished

Notes
Turn   | Place    | Note
-------+----------+-------------------------------------------
     0 | D:1      | tilp the Meteoran Fighter began the quest for the Orb.
     0 | D:1      | Reached XP level 1. HP: 19/19 MP: 2/2
    64 | D:1      | Reached XP level 2. HP: 25/26 MP: 3/3
   256 | D:2      | Noticed Robin
   262 | D:2      | Reached skill level 3 in Long Blades
   280 | D:2      | Reached skill level 1 in Dodging
   280 | D:2      | Reached XP level 3. HP: 24/33 MP: 4/4
   306 | D:2      | Killed Robin
   376 | D:2      | Reached XP level 4. HP: 40/40 MP: 5/5
   409 | D:2      | Noticed Natasha
   420 | D:2      | Killed Natasha
   421 | D:2      | Reached skill level 4 in Long Blades
   657 | D:3      | Reached XP level 5. HP: 35/46 MP: 6/6
   659 | D:4      | Noticed Rye's ghost (amateur HuFi)
   659 | D:4      | Found a runed translucent door.
   716 | D:3      | Found an opulent altar of Gozag.
   735 | D:3      | Found a sacrificial altar of Ru.
   757 | D:3      | Found a faded altar of an unknown god.
   868 | D:2      | Identified the +5 sling "Orb Guardian's Peril" {heavy,
                  | rElec rF++}
   906 | D:2      | Noticed Jessica
   911 | D:2      | Killed Jessica
   912 | D:2      | Reached skill level 5 in Long Blades
  1228 | D:3      | Reached XP level 6. HP: 52/52 MP: 7/7
  1241 | D:3      | Reached skill level 6 in Long Blades
  1255 | D:3      | Identified the +1 ring mail of Zosuz {Str+8 Int+2 Dex-5}
  1307 | D:4      | Noticed an ogre
  1380 | D:5      | Entered Level 5 of the Dungeon
  1454 | D:4      | Reached skill level 1 in Throwing
  1454 | D:4      | Reached XP level 7. HP: 60/60 MP: 8/8
  1738 | D:4      | Found a snail-covered altar of Cheibriados.
  1751 | D:4      | Reached skill level 5 in Fighting
  1810 | D:4      | Reached skill level 7 in Long Blades
  1810 | D:4      | Reached XP level 8. HP: 68/68 MP: 9/9
  1813 | D:4      | Found a shimmering blue altar of Sif Muna.
  2010 | D:5      | Noticed a shadow
  2018 | D:5      | Killed a shadow
  2097 | D:5      | Found Xegel's General Store.
  2119 | D:5      | Bought a scroll of identify for 28 gold pieces
  2119 | D:5      | Bought a potion of curing for 42 gold pieces
  2216 | D:5      | Reached skill level 8 in Long Blades
  2255 | D:5      | Found Efrep's General Store.
  2267 | D:5      | Bought a scroll of noise for 13 gold pieces
  2267 | D:5      | Bought a scroll of enchant armour for 97 gold pieces
  2343 | D:5      | Gained mutation: You passively map the area around you.
                  | [Meteoran growth]
  2343 | D:5      | Reached XP level 9. HP: 58/78 MP: 10/10
  2471 | D:5      | Noticed Pikel
  2537 | D:4      | Mangled by an orc warrior

Illustrated notes

Levels and vault maps discovered:
D:1:      dpeg_arrival_tiny_d, layout_basic
D:2:      layout_loops_ring, lemuel_flame_loot_1, uniq_jessica, uniq_robin,
          uniq_natasha
D:3:      layout_basic, mainiacjoe_overflow_catch_the_wave,
          ebering_ecumenical_altar_box
D:4:      layout_basic, cheibriados_altar_1, tgw_sif,
          hellmonk_ghost_happy_afterlife, hangedman_feature_mirror,
          minmay_distorted
D:5:      layout_loops_ring, serial_shops, shop, shop_coins,
          nicolae_lakefront_shop, chequers_garden, amethyst_killhole,
          minmay_manual_mail, uniq_pikel
D:6:      layout_cave_pools, mainiacjoe_overflow_alcove_4, lemuel_round_altar,
          minmay_temple_entry_arrows, minmay_checkerbox

Skill      XL: |  1  2  3  4  5  6  7  8  9 |
---------------+----------------------------+-----
Long Blades    | 3 4 5 6 7 8 |  8.9
Dodging        | 1 2 3 4 |  4.9
Fighting       | 4 5 6 7 |  7.2
Throwing       | 1 2 |  2.0
Armour         | 4 |  4.0
Shields        | 4 |  4.0

Action                     |  1- 3 |  4- 6 |  7- 9 || total
---------------------------+-------+-------+-------++-------
  Melee: Long sword        |    68 |    82 |   100 ||   250
   Fire: Sling             |       |    48 |    57 ||   105
    Use: Scroll            |     1 |     7 |     7 ||    15
         Potion            |     1 |       |       ||     1
   Stab: Distracted        |       |       |     1 ||     1
 Armour: Scale mail        |    38 |    71 |    31 ||   140
         Chain mail        |       |       |    59 ||    59
  Dodge: Dodged            |    35 |    56 |    60 ||   151
  Block: Buckler           |    13 |    39 |    55 ||   107

Table legend: (Time is in decaauts)
 A = Elapsed time spent in this place.
 B = Non-inter-level travel time spent in this place.
 C = Inter-level travel time spent in this place.
 D = Time resting spent in this place.
 E = Time spent auto-exploring this place.
 F = Levels seen in this place.
 G = Mean time per level.
                   A        B        C        D        E       F      G
               +--------+--------+--------+--------+--------+-----+--------+
         Total |   2725 |   2358 |    367 |    100 |      0 |   6 |  454.2 |
       Dungeon |   2725 |   2358 |    367 |    100 |      0 |   6 |  454.2 |
               +--------+--------+--------+--------+--------+-----+--------+

Top non-repeatable levels by time:
     D:4: 790 daAuts
     D:3: 739 daAuts
     D:5: 515 daAuts
     D:2: 491 daAuts
     D:1: 148 daAuts
     D:6: 39 daAuts
